 Dungeon Crawl Stone Soup version 0.27-a0-597-g524d869a0f (webtiles) character file.

Game seed: 4421457940206948375

66794 Anon1729 the Zephyrmancer (level 14, 0/93 HPs)
             Began as a Demigod Air Elementalist on Mar 11, 2021.
             Hit by a large rock thrown by a stone giant (33 damage)
             ... on level 1 of the Depths.
             The game lasted 01:06:35 (28999 turns).

Anon1729 the Zephyrmancer (DgAE)                   Turns: 28999, Time: 01:06:36

Health: 0/93       AC: 18    Str: 13    XL:     14   Next: 41%
Magic:  0/31       EV: 11    Int: 38    God:
Gold:   866        SH:  0    Dex: 10    Spells: 13/31 levels left

rFire    + + +     SeeInvis .   x - staff of air
rCold    . . .     Faith    .   (no shield)
rNeg     + . .     Spirit   .   r - +8 fire dragon scales of Indomitability {rF++ rC- Int+5 Dex-3 Slay+3}
rPois    +         Reflect  .   (no helmet)
rElec    +         Harm     .   J - scarf {rC+ rF+}
rCorr    .         Rampage  .   b - +0 pair of gloves {Stlth+}
Will     +++..                  (no boots)
Stlth    ++++......             t - amulet of Caph {rElec Regen+ Str+4 Dex+3}
HPRegen  1.25/turn              j - ring of poison resistance
MPRegen  0.22/turn              P - ring of the Evening {rN+ Will++ Dex-4}

@: lethally poisoned (0 -> -1)
A: high mp 1, forlorn
a: no special abilities


You were on level 1 of the Depths.
You visited 2 branches of the dungeon, and saw 16 of its levels.
You also visited: Ossuary and Ice Cave.

You collected 1337 gold pieces.
You spent 471 gold pieces at shops.

Inventory:

Missiles
 y - 2 throwing nets
Armour
 a - the +2 robe of an ice cave {Int+4 Dex+2}
   (You found it on level 7 of the Dungeon)

   It affects your intelligence (+4).
   It affects your dexterity (+2).
 b - a +0 pair of gloves of stealth (worn)
 r - the +8 fire dragon scales of Indomitability (worn) {rF++ rC- Int+5 Dex-3 Slay+3}
   (You found it on level 9 of the Dungeon)

   It affects your intelligence (+5).
   It affects your dexterity (-3).
   It affects your accuracy and damage with ranged weapons and melee attacks
   (+3).
   It greatly protects you from fire.
   It makes you vulnerable to cold.
 J - a scarf of resistance (worn)
 S - a +0 robe of the Archmagi
 X - a scarf of harm
Magical Staves
 x - a staff of air (weapon)
Jewellery
 j - a ring of poison resistance (right hand)
 p - a +4 ring of protection
 s - a ring of magical power
 t - the amulet of Caph (around neck) {rElec Regen+ Str+4 Dex+3}
   (You found it on level 4 of the Dungeon)

   [amulet of regeneration]

   It affects your strength (+4).
   It affects your dexterity (+3).
   It insulates you from electricity.
   It increases your rate of regeneration.
 A - an amulet of magic regeneration
 D - a ring of positive energy
 O - an amulet of regeneration
 P - the ring of the Evening (left hand) {rN+ Will++ Dex-4}
   (You took it off a skeletal warrior on level 11 of the Dungeon)

   [ring of positive energy]

   It affects your dexterity (-4).
   It protects you from negative energy.
   It affects your willpower, your defense against some magical effects.
 T - a ring of willpower
 Y - a +6 ring of dexterity
 Z - a +4 ring of protection
Wands
 q - a wand of random effects (46)
 z - a wand of acid (40)
 E - a wand of polymorph (10)
 G - a wand of flame (22)
 K - a wand of paralysis (4)
 V - a wand of mindburst (10)
Scrolls
 d - 4 scrolls of enchant weapon
 g - 3 scrolls of fog
 i - a scroll of fear
 k - 4 scrolls of teleportation
 n - 3 scrolls of enchant armour
 H - a scroll of vulnerability
 I - a scroll of holy word
 R - a scroll of amnesia
 U - a scroll of magic mapping
Potions
 c - 6 potions of flight
 e - 8 potions of curing
 f - 6 potions of heal wounds
 m - 9 potions of might
 o - 2 potions of lignification {unknown}
 w - 10 potions of ambrosia {ambrosia}
 B - 6 potions of attraction
 C - 4 potions of mutation
 F - 2 potions of magic
 L - 6 potions of brilliance
 M - a potion of invisibility
 N - 2 potions of haste
 Q - a potion of resistance
Miscellaneous
 W - a tin of tremorstones (2/2)


   Skills:
 - Level 4.0 Armour
 + Level 10.0 Dodging
 + Level 10.9 Stealth
 + Level 9.2 Spellcasting
 + Level 9.8 Conjurations
 * Level 13.8 Air Magic
 + Level 1.2 Poison Magic
 + Level 3.3 Evocations


You had 13 spell levels left.
You knew the following spells:

 Your Spells              Type           Power      Damage    Failure   Level
a - Shock                 Conj/Air       100%       1d9       1%          1
b - Swiftness             Air            100%       N/A       1%          2
c - Static Discharge      Conj/Air       100%       N/A       1%          3
d - Airstrike             Air            55%        N/A       1%          4
e - Lightning Bolt        Conj/Air       51%        1d72      2%          5
f - Mephitic Cloud        Conj/Pois/Air  88%        N/A       1%          3

Your spell library contained the following spells:

 Spells                   Type           Power      Damage    Failure   Level
 Magic Dart               Conj           100%       1d8       1%          1
 Conjure Flame            Conj/Fire      53%        6-21      5%          3
 Animate Skeleton         Necr           34%        N/A       13%         1
 Apportation              Tloc           34%        N/A       13%         1
 Corona                   Hex            18%        N/A       13%         1
 Freeze                   Ice            68%        1d8       13%         1
 Pain                     Necr           68%        1d7       13%         1
 Summon Small Mammal      Summ           68%        N/A       13%         1
 Hailstorm                Conj/Ice       53%        3d12      17%         4
 Blink                    Tloc           N/A        N/A       21%         2
 Call Imp                 Summ           17%        N/A       21%         2
 Ensorcelled Hibernation  Hex/Ice        34%        N/A       21%         2
 Slow                     Hex            17%        N/A       21%         2
 Confusing Touch          Hex            17%        N/A       36%         3
 Frozen Ramparts          Ice            34%        1d5       36%         3
 Ozocubu's Armour         Ice            17%        N/A       36%         3
 Portal Projectile        Hex/Tloc       34%        N/A       36%         3
 Vampiric Draining        Necr           8%         2d7       36%         3
 Animate Dead             Necr           8%         N/A       78%         4
 Summon Ice Beast         Ice/Summ       17%        N/A       78%         4
 Agony                    Necr           17%        N/A       98%         5
 Borgnjor's Vile Clutch   Necr/Erth      8%         N/A       98%         5


Dungeon Overview and Level Annotations

Branches:
Dungeon (15/15)            Temple (0/1) D:4            Lair (0/6) D:11
    Orc (0/2) D:11         Vaults (0/5) D:13         Depths (1/5) D:15
Ossuary (visited)           IceCv (visited)

Shops:
D:8 !   D:9 *   D:10 *

Portals:
Trove: D:12 (give 15 potions of curing)

Annotations:
D:6 1 runed translucent door
Depths:1 Sojobo


Innate Abilities, Weirdness & Mutations

Your attributes grow dramatically as you level up.
You have an increased reservoir of magic. (+10% MP)
You shall have no god before yourself.


Message History

You feel sick.
You hear a horrible gurgling sound! x2; You hear a shout!
The fire giant completely misses you.
You feel sick.
Casting: Lightning Bolt (dangerous; 2% risk of failure)
Confirm with . or Enter, or press ? or * to list all spells.
Aiming: Lightning Bolt (dangerous; 2% risk of failure)
Press: ? - help, Shift-Dir - straight line You feel a surge of power!
You hear a mighty clap of thunder!
The bolt of lightning hits the fire giant!
The fire giant is severely wounded.
The bolt of lightning hits the cyan ugly thing!
The cyan ugly thing resists.
The cyan ugly thing is heavily wounded.
The bolt of lightning hits Aizul!!
Aizul is almost dead.
You feel sick.
You hear a deafening roar!
The fire giant casts a spell at you.
The fireball explodes!
The fireball engulfs you. You resist.
The fireball engulfs the fire giant.
The fire giant resists.
Unknown command.
Casting: Lightning Bolt (dangerous; 2% risk of failure)
Confirm with . or Enter, or press ? or * to list all spells.
Aiming: Lightning Bolt (dangerous; 2% risk of failure)
Press: ? - help, Shift-Dir - straight line, f - stone giant
Aim: a stone giant, quivering large rocks (0% to evade)
You feel a surge of power!
You hear a mighty clap of thunder!
The bolt of lightning hits the fire giant!!
You kill the fire giant!
The bolt of lightning hits Aizul!!!
You kill Aizul!
The bolt of lightning hits the stone giant!
The stone giant is lightly wounded.
You feel sick.
You hear a shout!
You hear a deafening roar!
The stone giant throws a large rock.
The large rock hits you!!
You die...

# ###. ...
#.######.##
#.........#
#..@#
######)##
#..u.†u.#
#.†..C..#
#.......#
#.......#
#.......#
#...)...+
+.....".#


You could see a stone giant and a cyan ugly thing.

Vanquished Creatures
  A tengu reaver (D:14)
  3 fire giants
  A frost giant (IceCv)
  Aizul (Depths:1)
  2 stone giants (Depths:1)
  The ghost of Naerin Usk the Martial Artist, a journeyman GnTm of Cheibriados (D:15)
  A minotaur (D:15)
  Josephine (D:10)
  An ettin (Depths:1)
  A fire dragon (D:15)
  4 hydras
  2 boulder beetles
  A catoblepas (D:15)
  2 two-headed ogres
  6 centaur warriors
  2 dancing weapons (D:13)
  A death knight (D:11)
  5 tengu warriors
  A deep troll shaman (D:15)
  A deep troll earth mage (D:15)
  A skeletal warrior (D:11)
  2 deep trolls (D:15)
  2 unseen horrors
  A deep elf pyromancer (D:12)
  The ghost of Nebesus the Zephyrmancer, a novice TeAE (D:7)
  6 cyclopes
  9 ugly things
  A manticore (D:14)
  An ice statue (IceCv)
  5 gargoyles
  A kobold demonologist (D:12)
  3 freezing wraiths
  A komodo dragon (D:15)
  A yaktaur (D:15)
  A tengu conjurer (D:14)
  2 ice devils (D:14)
  An efreet (D:15)
  14 polar bears (IceCv)
  A queen bee (D:9)
  3 meliai (D:15)
  6 trolls
  A hornet (D:13)
  12 slime creatures
  A centaur simulacrum (D:15)
  A vampire (D:14)
  5 wraiths
  14 yaks
  2 shadows
  A water elemental (D:14)
  2 basilisks
  2 wyverns
  A steam dragon (D:7)
  3 vampire mosquitoes (D:12)
  Duvessa (D:5)
  A water moccasin (D:12)
  2 acid dragons
  2 ice beasts
  2 sky beasts
  An eye of draining (D:15)
  7 orc warriors
  A hornet zombie (D:15)
  11 wolves (IceCv)
  4 black bears
  6 ogres
  16 centaurs
  9 boggarts
  A kobold brigand (D:13)
  A phantom (D:12)
  15 bullfrogs
  A gnoll sergeant (D:7)
  Dowan (D:5)
  4 water moccasin zombies
  3 scorpions
  33 killer bees
  10 wights
  12 howler monkeys
  2 electric eels (D:14)
  2 jellies
  6 centaur zombies
  4 quasits (D:7)
  7 hounds
  Crazy Yiuf (D:4)
  2 bullfrog skeletons
  A human zombie (D:5)
  3 orc priests
  A gnoll shaman (D:8)
  2 iguanas
  5 centaur skeletons
  16 worker ants
  3 orc wizards
  A killer bee zombie (D:4)
  A hound zombie (D:7)
  2 mummies (Ossuary)
  2 hound skeletons (D:8)
  10 gnolls
  A howler monkey skeleton (D:6)
  10 adders
  2 white imps
  3 ufetubi
  2 oozes
  7 adder zombies
  2 adder skeletons
  4 dart slugs
  6 leopard geckos
  27 orcs
  A ball python (D:1)
  3 giant cockroaches
  4 gnoll zombies (Ossuary)
  8 goblins
  8 hobgoblins
  6 jackals
  8 quokkas
  7 bats
  6 frilled lizards
  7 hobgoblin zombies (Ossuary)
  A jackal zombie (D:8)
  8 kobolds
  7 kobold zombies
  11 orc zombies (Ossuary)
  A quokka skeleton (D:4)
  6 rats
517 creatures vanquished.

Vanquished Creatures (others)
  30 fungi (D:11)
  80 plants
110 creatures vanquished.

Grand Total: 627 creatures vanquished

Notes
Turn   | Place    | Note
-------+----------+-------------------------------------------
     0 | D:1      | Anon1729 the Demigod Air Elementalist began the quest for
                  | the Orb.
     0 | D:1      | Reached XP level 1. HP: 14/14 MP: 5/5
   152 | D:1      | Reached skill level 1 in Conjurations
   566 | D:1      | Reached XP level 2. HP: 19/20 MP: 0/7
   943 | D:1      | Reached skill level 3 in Air Magic
  1550 | D:2      | Reached XP level 3. HP: 26/26 MP: 4/8
  1980 | D:2      | Reached XP level 4. HP: 31/33 MP: 1/10
  3064 | D:3      | Learned a level 2 spell: Swiftness
  3068 | D:3      | Learned a level 3 spell: Static Discharge
  3816 | D:4      | Reached XP level 5. HP: 33/38 MP: 9/11
  4002 | D:4      | Reached skill level 4 in Air Magic
  4377 | D:4      | Found a staircase to the Ecumenical Temple.
  5340 | D:4      | Identified the amulet of Caph {rElec Regen+ Str+4 Dex+3}
  5622 | D:4      | Found a runed translucent door.
  5623 | D:4      | Noticed Crazy Yiuf
  5899 | D:4      | Killed Crazy Yiuf
  5900 | D:4      | Reached XP level 6. HP: 43/45 MP: 4/13
  5906 | D:4      | Learned a level 4 spell: Airstrike
  6038 | D:5      | Entered Level 5 of the Dungeon
  6045 | D:5      | You fall into a shaft and drop 3 floors!
  6069 | D:8      | Noticed a cyclops
  6255 | D:8      | Identified the +2 short sword "Nodeukk" {vorpal, Will+}
  6541 | D:7      | Found a transporter.
  6577 | D:6      | Reached skill level 5 in Air Magic
  6577 | D:6      | Reached XP level 7. HP: 46/50 MP: 3/14
  6659 | D:5      | Found a sand-covered staircase.
  6668 | Ossuary  | Entered an ossuary
  7653 | D:5      | Reached XP level 8. HP: 33/57 MP: 8/16
  7765 | D:5      | Noticed Duvessa
  7766 | D:5      | Noticed Dowan
  7785 | D:5      | Killed Duvessa
  7786 | D:5      | Reached skill level 6 in Air Magic
  7799 | D:5      | Killed Dowan
  8471 | D:6      | Found a runed translucent door.
  8472 | D:6      | Noticed an angel
  8590 | D:6      | Reached skill level 5 in Stealth
  9720 | D:7      | Reached skill level 7 in Air Magic
  9770 | D:7      | Identified Daut's Compendium of Earthen Enchantment
  9794 | D:7      | Reached XP level 9. HP: 62/62 MP: 8/19
 10053 | D:7      | Reached skill level 5 in Dodging
 10267 | D:7      | Noticed Nebesus's ghost (novice TeAE)
 10458 | D:7      | Found a transporter.
 11001 | D:7      | Learned a level 5 spell: Lightning Bolt
 11035 | D:8      | Found Emoneo's Distillery.
 11039 | D:8      | Bought a potion of degeneration for 15 gold pieces
 11039 | D:8      | Bought a potion of flight for 45 gold pieces
 11039 | D:8      | Bought a potion of brilliance for 60 gold pieces
 11039 | D:8      | Bought a potion of invisibility for 120 gold pieces
 11039 | D:8      | Bought a potion of haste for 150 gold pieces
 11152 | D:8      | Killed a cyclops
 11153 | D:8      | Reached skill level 5 in Spellcasting
 11153 | D:8      | Reached skill level 5 in Conjurations
 11153 | D:8      | Reached skill level 8 in Air Magic
 12344 | D:9      | Identified the +8 fire dragon scales of Indomitability
                  | {rF++ rC- Int+5 Dex-3 Slay+3}
 12469 | D:9      | Found Gozag's Platinum Reserve.
 12588 | D:9      | Reached skill level 1 in Armour
 12588 | D:9      | Reached XP level 10. HP: 63/69 MP: 19/22
 13036 | D:9      | Reached skill level 9 in Air Magic
 13237 | D:10     | Entered Level 10 of the Dungeon
 13394 | D:10     | Noticed Josephine
 13399 | D:10     | Killed Josephine
 13526 | D:10     | Noticed a two-headed ogre
 14134 | D:10     | Found Bek Qyba's Assorted Antiques.
 14225 | D:10     | Bought a viscous inky potion for 25 gold pieces
 14225 | D:10     | Bought a scroll of identify for 56 gold pieces
 14814 | D:10     | Killed a two-headed ogre
 14815 | D:10     | Reached XP level 11. HP: 74/74 MP: 7/24
 15071 | D:11     | Noticed a skeletal warrior
 15102 | D:11     | Noticed a four-headed hydra
 15444 | D:11     | Reached skill level 10 in Air Magic
 15595 | D:11     | Killed a four-headed hydra
 15649 | D:11     | Noticed a death knight
 15689 | D:11     | Identified the ring of the Evening {rN+ Will++ Dex-4}
 15704 | D:11     | Killed a skeletal warrior
 15934 | D:11     | Killed a death knight
 16359 | D:11     | Noticed a centaur warrior
 16369 | D:11     | Killed a centaur warrior
 16520 | D:11     | Found a staircase to the Orcish Mines.
 16765 | D:11     | Found a staircase to the Lair.
 17253 | D:12     | Noticed a five-headed hydra
 17259 | D:12     | Killed a five-headed hydra
 17572 | D:12     | Reached skill level 1 in Evocations
 17878 | D:12     | Noticed a seven-headed hydra
 17882 | D:12     | Killed a seven-headed hydra
 17883 | D:12     | Reached skill level 11 in Air Magic
 17883 | D:12     | Reached XP level 12. HP: 81/81 MP: 19/26
 17990 | D:12     | Noticed an eight-headed hydra
 17997 | D:12     | Killed an eight-headed hydra
 18395 | D:12     | Found a portal to a secret trove of treasure.
 19128 | D:13     | Noticed a centaur warrior
 19384 | D:13     | Found a gate to the Vaults.
 19435 | D:13     | Killed a centaur warrior
 19667 | D:13     | Noticed a boulder beetle
 19676 | D:13     | Killed a boulder beetle
 20298 | D:14     | Noticed a centaur warrior
 20591 | D:14     | Found a frozen archway.
 20714 | IceCv    | Entered an ice cave
 21511 | IceCv    | Reached skill level 12 in Air Magic
 21926 | IceCv    | Noticed a frost giant
 21928 | IceCv    | Killed a frost giant
 21929 | IceCv    | Reached XP level 13. HP: 86/86 MP: 27/29
 22209 | IceCv    | Identified the +5 glaive "Hyilyuv" {vorpal, +Blink Stlth+}
 23679 | D:15     | Entered Level 15 of the Dungeon
 23683 | D:15     | Reached skill level 10 in Stealth
 24122 | D:15     | Noticed a minotaur
 24123 | D:15     | Noticed Naerin Usk's ghost (journeyman GnTm)
 24576 | D:15     | Paralysed by a meliai for 6 turns
 25276 | D:14     | Reached skill level 13 in Air Magic
 25980 | D:15     | Found a staircase to the Depths.
 25981 | D:15     | Noticed a fire giant
 25988 | D:15     | Killed a fire giant
 26203 | D:15     | Found a runed translucent gate.
 26203 | D:15     | Found a runed translucent gate.
 26203 | D:15     | Found a runed translucent gate.
 26814 | D:7      | Killed Nebesus's ghost
 26819 | D:7      | Identified the +2 robe of an ice cave {Int+4 Dex+2}
 27026 | Depths:1 | Entered Level 1 of the Depths
 27026 | Depths:1 | Noticed a stone giant
 27028 | Depths:1 | Noticed a stone giant
 27030 | Depths:1 | Killed a stone giant
 27031 | Depths:1 | Reached XP level 14. HP: 76/93 MP: 13/31
 27461 | Depths:1 | Noticed Sojobo
 27461 | Depths:1 | Noticed a tengu reaver
 27461 | Depths:1 | Noticed a tengu reaver
 27579 | D:15     | Learned a level 3 spell: Mephitic Cloud
 27971 | D:15     | Killed Naerin Usk's ghost
 28309 | D:15     | HP: 4/93 [tengu reaver/bolt of poison[Sojobo] (29)]
 28314 | D:14     | HP: 3/93 [poisoned by a tengu reaver (bolt of poison)]
 28640 | D:14     | Killed a tengu reaver
 28736 | D:15     | Reached skill level 10 in Dodging
 28922 | Depths:1 | Noticed a fire giant
 28932 | Depths:1 | Killed a fire giant
 28933 | Depths:1 | Reached skill level 1 in Poison Magic
 28977 | Depths:1 | Noticed Aizul
 28992 | Depths:1 | Noticed a fire giant
 28999 | Depths:1 | Killed a fire giant
 28999 | Depths:1 | Killed Aizul
 28999 | Depths:1 | Hit by a large rock thrown by a stone giant

Illustrated notes

Levels and vault maps discovered:
D:1:      dpeg_arrival_arbitrary_a, layout_basic, minmay_statues_item,
          minmay_vboxes
D:2:      layout_loops_ring
D:3:      layout_basic
D:4:      layout_loops_corners, minmay_temple_entry_gardened_gates,
          patterned_corridor, uniq_crazy_yiuf_cottage
D:5:      layout_rooms, enter_ossuary_3, uniq_duvessa
D:6:      layout_loops_corners, nicolae_qazlal_scattered_showers,
          amethyst_overflow_temple_binary, lemuel_angel_altar
D:7:      minmay_razor_zed, layout_loops_ring, gammafunk_ghost_stat_death,
          minmay_checkerbox
D:8:      layout_basic, serial_shops, shop, minmay_radiant
D:9:      layout_roguey [special_room_bee], nicolae_gozag_zags_fifth_avenue,
          basic_altar
D:10:     layout_basic, serial_shops, shop_coins, uniq_josephine
D:11:     layout_basic, grunt_lair_entry_orc_guard_hut, david_orc_2
D:12:     layout_irregular_city, nicolae_trove_entry_crystal
D:13:     layout_cave_pools, erik_vaults_1
D:14:     wad_woods_pond, layout_irregular_city, portal_ice_cave_demonic_guard,
          nicolae_uskayaw_dance_hall
D:15:     grunt_enter_depths_giant_problem, layout_long_grid,
          maelrawn_ghost_gauntlet_escape, minivault_26
Depths:1: layout_gridlike, hangedman_geh_valley, nrook_mini_backslash,
          minivault_16, minmay_misc_feat_x, kennysheep_path_1, kb_rosetta,
          uniq_aizul, uniq_mara, uniq_sojobo

Skill      XL: |  1  2  3  4  5  6  7  8  9 10 11 12 13 14 |
---------------+-------------------------------------------+-----
Conjurations   | 1 2 3 4 5 6 7 8 9 |  9.8
Stealth        | 2 3 4 5 6 7 8 9 10 | 10.9
Dodging        | 2 3 4 6 7 8 9 10 | 10.0
Spellcasting   | 2 3 4 5 6 7 8 9 |  9.2
Air Magic      | 3 4 5 7 8 9 11 12 13 | 13.8
Armour         | 1 2 4 |  4.0
Evocations     | 1 3 |  3.3
Poison Magic   | 1 |  1.2

Action                   |  1- 3 |  4- 6 |  7- 9 | 10-12 | 13-15 || total
-------------------------+-------+-------+-------+-------+-------++-------
Melee: Unarmed           |     1 |       |       |       |       ||     1
       Hand axe          |     1 |    16 |       |       |       ||    17
       Staff             |       |     2 |    11 |    40 |    12 ||    65
 Cast: Shock             |    85 |   166 |   275 |   145 |    14 ||   685
       Swiftness         |       |     1 |       |     3 |     9 ||    13
       Airstrike         |       |     2 |    37 |   256 |   144 ||   439
       Lightning Bolt    |       |       |     2 |    23 |   104 ||   129
       Static Discharge  |       |       |       |    21 |    11 ||    32
Evoke: Wand              |       |       |       |       |     1 ||     1
  Use: Potion            |       |     1 |       |       |     8 ||     9
       Scroll            |       |       |    11 |     5 |     6 ||    22
Armor: Robe              |     4 |     7 |    19 |     6 |     5 ||    41
       Fire dragon scale |       |       |     2 |   103 |   106 ||   211
Dodge: Dodged            |     8 |    46 |    92 |   125 |   108 ||   379

Table legend: (Time is in decaauts)
 A = Elapsed time spent in this place.
 B = Non-inter-level travel time spent in this place.
 C = Inter-level travel time spent in this place.
 D = Time resting spent in this place.
 E = Time spent auto-exploring this place.
 F = Levels seen in this place.
 G = Mean time per level.
                   A        B        C        D        E       F      G
               +--------+--------+--------+--------+--------+-----+--------+
         Total |  29051 |  27798 |   1253 |   7912 |  16106 |  18 | 1613.9 |
       Dungeon |  26564 |  25311 |   1253 |   6829 |  15264 |  15 | 1770.9 |
        Depths |    334 |    334 |      0 |    128 |     68 |   1 |  334.0 |
       Ossuary |    533 |    533 |      0 |    110 |    328 |   1 |  533.0 |
      Ice Cave |   1619 |   1619 |      0 |    845 |    446 |   1 | 1619.0 |
               +--------+--------+--------+--------+--------+-----+--------+

Top non-repeatable levels by time:
    D:14: 3996 daAuts
    D:15: 2392 daAuts
     D:4: 2220 daAuts
    D:12: 2101 daAuts
    D:11: 1746 daAuts
    D:10: 1746 daAuts
     D:9: 1745 daAuts
     D:7: 1732 daAuts
   IceCv: 1619 daAuts
     D:8: 1596 daAuts
     D:1: 1546 daAuts
     D:3: 1400 daAuts
     D:6: 1296 daAuts
    D:13: 1195 daAuts
     D:5: 973 daAuts
